Map: Lightshade LE

Players

sOs - Winner!

  • Race: Protoss Protoss

Neeb

  • Race: Protoss Protoss

Event: DreamHack SC2 Masters 2021 Fall

VOD

Have the link to the VOD?

Description

Time

  • Played on: Sept. 7, 2021, 12:31 p.m.
  • Length: 13:19

All games in this series

Show
View Real Time Build Order
Export as new Build Order

sOs Protoss - Winner!

Build Orders: Oracle Opening, Zealot Archon 

Get SALT Encoding   

  12  0:00  Probe  
  13  0:12  Probe  
  14  0:17  Pylon  
  14  0:24  Probe (Chrono Boost)  
  15  0:36  Gateway, Probe (Chrono Boost)  
  16  0:43  Probe (Chrono Boost)  
  16  0:46  Assimilator  
  17  0:51  Probe  
  18  1:03  Probe (Chrono Boost)  
  19  1:04  Assimilator  
  19  1:11  Gateway  
  19  1:12  Probe (Chrono Boost)  
  19  1:17  Probe (Chrono Boost)  
  20  1:23  Cybernetics Core  
  21  1:30  Probe  
  22  1:35  Pylon  
  22  1:42  Probe  
  23  1:54  Probe  
  24  2:00  Adept x2, Warp Gate  
  28  2:06  Probe  
  29  2:12  Pylon  
  29  2:28  Pylon  
  29  2:30  Stalker x2  
  33  2:38  Probe  
  34  2:51  Stargate  
  34  3:06  Probe  
  35  3:25  Nexus  
  35  3:27  Pylon  
  35  3:32  Twilight Council  
  35  3:34  Oracle (Chrono Boost)  
  35  3:39  Probe  
  39  3:51  Probe  
  38  4:08  Probe  
  38  4:09  Dark Shrine  
  37  4:10  Gateway  
  37  4:13  Gateway  
  37  4:20  Probe (Chrono Boost)  
  38  4:26  Shield Battery  
  38  4:29  Probe (Chrono Boost)  
  39  4:39  Probe  
  41  4:45  Probe  
  41  4:52  Nexus  
  41  4:54  Probe  
  41  4:57  Probe  
  43  5:11  Probe x2  
  45  5:16  Assimilator  
  45  5:21  Dark Templar x2  
  45  5:22  Dark Templar  
  45  5:26  Probe x2  
  45  5:28  Pylon, Blink (Chrono Boost)  
  53  5:38  Probe x2  
  53  5:41  Assimilator  
  55  5:43  Archon  
  53  5:51  Shield Battery  
  53  5:54  Stalker x2  
  53  5:56  Stalker  
  59  5:58  Probe x2  
  59  6:01  Forge  
  61  6:05  Probe  
  61  6:10  Stalker, Probe x2  
  66  6:16  Probe  
  66  6:22  Probe x2  
  66  6:25  Stalker x2  
  73  6:26  Probe  
  74  6:34  Probe  
  74  6:35  Protoss Ground Weapons Level 1, Probe x2  
  74  6:36  Pylon  
  77  6:44  Pylon  
  77  6:54  Probe x2  
  77  6:56  Probe  
  77  6:59  Shield Battery  
  80  7:02  Pylon  
  80  7:03  Stalker x3  
  80  7:06  Probe x2  
  88  7:11  Pylon, Gateway  
  83  7:25  Shield Battery  
  83  7:27  Stalker x3  
  89  7:34  Probe  
  89  7:35  Probe  
  73  7:46  Probe (Chrono Boost)  
  73  7:47  Probe x2 (Chrono Boost)  
  64  7:52  Stalker x3  
  64  7:58  Probe (Chrono Boost)  
  71  7:59  Gateway, Probe x2 (Chrono Boost)  
  71  8:00  Gateway  
  71  8:02  Gateway  
  72  8:05  Probe (Chrono Boost)  
  72  8:06  Probe x2 (Chrono Boost)  
  72  8:08  Stalker  
  72  8:12  Probe  
  76  8:13  Probe x2  
  76  8:15  Stalker x3  
  83  8:35  Stalker  
  83  8:36  Shield Battery, Probe  
  83  8:39  Stalker x3  
  92  8:42  Protoss Ground Weapons Level 2 (Chrono Boost)  
  92  8:49  Charge (Chrono Boost)  
  92  8:56  Nexus  
  92  8:58  Sentry  
  94  9:06  Zealot x6  
  106  9:15  Templar Archives  
  106  9:16  Gateway  
  106  9:23  Pylon  
  106  9:33  Pylon, Sentry  
  108  9:42  Probe x2  
  108  9:43  Probe  
  108  9:45  Photon Cannon  
  111  9:47  Gateway  
  111  9:48  Shield Battery  
  111  9:50  Gateway  
  111  9:52  High Templar x4  
  117  9:53  High Templar, Zealot  
  117  9:54  Gateway  
  123  10:01  Archon x2  
  123  10:04  Photon Cannon  
  123  10:06  High Templar  
  125  10:10  Probe x2  
  125  10:11  Archon, Probe x2  
  125  10:13  Zealot  
  125  10:14  Zealot  
  123  10:29  High Templar  
  123  10:32  Zealot x3  
  123  10:34  High Templar, Zealot  
  123  10:35  Zealot  
  135  10:42  Archon  
  135  10:43  Zealot x2  
  135  10:48  Robotics Facility  
  139  10:50  Pylon  
  139  10:51  Pylon  
  139  10:52  Pylon  
  139  10:54  Pylon  
  139  11:00  Pylon  
  139  11:04  Pylon  
  139  11:05  Pylon  
  139  11:06  Probe  
  140  11:11  Zealot x2  
  140  11:12  Zealot x9  
  152  11:33  Zealot x3  
  152  11:34  Zealot x6  
  152  11:35  Zealot x2  
  128  11:50  Warp Prism (Chrono Boost)  
  120  11:58  High Templar x4  
  120  11:59  Zealot x7  
  135  12:02  Archon x2  
  131  12:10  Probe  
  131  12:11  Assimilator, Probe  
  131  12:12  Probe x2  
  131  12:13  Assimilator  
  135  12:18  Observer (Chrono Boost)  
  135  12:21  Zealot  
  135  12:22  Zealot x6  
  150  12:27  Robotics Facility, Robotics Bay  
  150  12:38  Zealot x4  
  150  12:44  Zealot x7  
  172  12:55  Observer  
  173  12:58  Zealot x4  
  179  13:10  Zealot x7  
Show
View Real Time Build Order
Export as new Build Order

Neeb Protoss 

Build Orders: Phoenix Opening 

Get SALT Encoding   

  12  0:00  Probe  
  13  0:12  Probe  
  14  0:16  Pylon  
  14  0:24  Probe (Chrono Boost)  
  15  0:36  Gateway, Probe (Chrono Boost)  
  16  0:44  Probe (Chrono Boost)  
  16  0:45  Assimilator  
  17  0:51  Probe  
  17  0:55  Assimilator  
  18  1:03  Probe (Chrono Boost)  
  19  1:08  Gateway  
  19  1:15  Probe (Chrono Boost)  
  20  1:20  Probe (Chrono Boost)  
  20  1:25  Cybernetics Core  
  21  1:29  Probe  
  22  1:35  Pylon  
  22  1:41  Probe  
  23  1:53  Probe  
  24  2:01  Stalker  
  24  2:02  Sentry  
  24  2:05  Probe  
  24  2:07  Warp Gate  
  29  2:13  Pylon  
  29  2:19  Probe  
  30  2:23  Pylon  
  30  2:31  Stalker  
  30  2:36  Sentry  
  34  2:46  Probe  
  35  3:01  Shield Battery  
  36  3:08  Nexus  
  35  3:18  Sentry, Stalker  
  39  3:26  Probe  
  39  3:28  Pylon  
  39  3:39  Shield Battery x2  
  39  3:46  Probe  
  40  3:51  Twilight Council  
  40  3:53  Phoenix  
  40  3:58  Probe  
  40  4:04  Stalker x2  
  43  4:11  Probe (Chrono Boost)  
  44  4:19  Forge  
  44  4:20  Probe (Chrono Boost)  
  44  4:23  Probe (Chrono Boost)  
  46  4:25  Probe (Chrono Boost)  
  46  4:30  Robotics Facility  
  47  4:35  Probe  
  47  4:36  Blink (Chrono Boost)  
  48  4:41  Probe (Chrono Boost)  
  49  4:47  Probe (Chrono Boost)  
  51  4:53  Protoss Ground Weapons Level 1 (Chrono Boost)  
  51  4:54  Probe (Chrono Boost)  
  51  4:57  Probe (Chrono Boost)  
  52  5:00  Probe (Chrono Boost)  
  52  5:03  Probe (Chrono Boost)  
  54  5:07  Probe  
  54  5:13  Probe  
  54  5:14  Gateway  
  55  5:15  Assimilator, Gateway  
  55  5:17  Observer (Chrono Boost)  
  55  5:19  Probe  
  57  5:27  Pylon, Probe  
  58  5:30  Immortal (Chrono Boost)  
  62  5:38  Pylon  
  62  5:45  Probe  
  62  5:48  Nexus  
  63  5:53  Stalker  
  63  5:56  Stalker  
  67  6:02  Pylon  
  67  6:08  Warp Prism  
  69  6:12  Probe  
  71  6:19  Stalker  
  72  6:27  Stalker x3  
  78  6:37  Probe x2  
  80  6:40  Pylon x2  
  80  6:44  Stalker  
  82  6:49  Probe  
  82  6:51  Stalker, Probe  
  86  6:54  Pylon  
  86  7:03  Probe  
  86  7:08  Stalker x3  
  89  7:11  Probe  
  89  7:15  Probe  
  91  7:23  Stalker  
  91  7:24  Probe  
  91  7:25  Probe  
  91  7:29  Probe  
  94  7:35  Observer  
  94  7:36  Probe  
  95  7:38  Probe  
  95  7:39  Stalker x3  
  95  7:40  Protoss Ground Weapons Level 2 (Chrono Boost)  
  95  7:41  Probe  
  97  7:48  Probe  
  97  7:49  Gateway  
  97  7:50  Probe  
  95  7:52  Gateway  
  95  7:53  Probe  
  95  7:55  Stalker  
  96  8:00  Probe  
  96  8:07  Stalker x2  
  96  8:09  Stalker  
  96  8:11  Observer  
  103  8:18  Probe  
  103  8:19  Gateway  
  102  8:22  Probe  
  102  8:24  Gateway  
  102  8:27  Stalker  
  103  8:34  Immortal (Chrono Boost)  
  99  8:38  Assimilator  
  99  8:39  Assimilator  
  99  8:40  Sentry x2, Zealot  
  105  8:47  Assimilator  
  109  8:49  Zealot x2  
  109  8:50  Shield Battery  
  109  8:54  Probe  
  114  9:00  Charge (Chrono Boost)  
  114  9:10  Nexus, Immortal (Chrono Boost)  
  114  9:12  Pylon  
  118  9:21  Templar Archives, Zealot x3  
  124  9:26  Pylon  
  124  9:32  Pylon  
  124  9:33  Pylon  
  124  9:36  Pylon  
  124  9:42  Zealot x4  
  124  9:45  Pylon  
  132  9:46  Photon Cannon  
  132  9:50  Zealot x4  
  132  9:52  Protoss Ground Weapons Level 3 (Chrono Boost)  
  140  10:08  High Templar x3  
  140  10:09  High Templar  
  140  10:12  Archon  
  140  10:13  Zealot x4  
  156  10:14  Archon  
  134  10:33  Gateway  
  134  10:34  Zealot x4  
  142  10:36  Photon Cannon  
  142  10:38  Gateway  
  142  10:42  High Templar  
  142  10:43  High Templar, Zealot x2  
  142  10:47  Archon  
  150  10:56  Observer  
  151  10:58  Probe x2  
  151  10:59  Probe  
  151  11:00  Probe  
  151  11:01  Zealot x2  
  151  11:02  Zealot x2  
  163  11:05  Zealot, Robotics Bay  
  163  11:06  Zealot  
  167  11:25  Zealot x6  
  179  11:26  Zealot x2  
  179  11:29  Pylon  
  179  11:30  Pylon  
  151  11:41  Zealot x2  
  115  11:48  Zealot x4  
  115  11:49  Zealot x4  
  115  11:52  Zealot x7  
  107  11:56  Disruptor (Chrono Boost)  
  107  12:01  Robotics Facility  
  104  12:06  High Templar x2, Zealot  
  106  12:11  Robotics Facility  
  106  12:13  Archon  
  106  12:15  High Templar  
  106  12:16  High Templar x3  
  106  12:17  Zealot x3  
  106  12:19  Probe x2  
  106  12:20  Disruptor (Chrono Boost)  
  106  12:22  Shield Battery  
  122  12:24  Archon  
  122  12:25  Pylon, Archon  
  125  12:33  Zealot  
  127  12:42  Zealot x5  
  140  12:51  Zealot x4  
  151  12:59  Zealot  
  146  13:07  Zealot x3  
  146  13:08  Zealot x2  

Tags
 
Add a new tag
Caveats
  • Supply blocks, unpowered buildings, or Contaminate may cause inaccurate times.
  • Supply counts are checked every 10 seconds.